Map: 얼어붙은 사원

Players

llllllllllll (Scarlett)

  • Race: Zerg Zerg
  • League: Grandmaster

llllllllllll - Winner!

  • Race: Zerg Zerg
  • League: Grandmaster

VOD

Have the link to the VOD?

Description

Time

  • Played on: April 10, 2016, 5:37 a.m.
  • Length: 7:26
Show
View Real Time Build Order
Export as new Build Order

llllllllllll Zerg 

Build Orders: Pool First 

Get SALT Encoding   

  12  0:01  Drone  
  13  0:09  Drone  
  14  0:20  Overlord  
  14  0:25  Extractor, Drone  
  15  0:39  Drone x2  
  17  0:42  Extractor  
  17  0:47  Drone  
  17  0:50  Spawning Pool  
  17  0:56  Drone  
  17  1:08  Drone  
  18  1:21  Drone  
  18  1:24  Hatchery  
  18  1:29  Drone  
  19  1:37  Queen  
  21  1:47  Metabolic Boost  
  21  1:50  Zergling x2  
  22  1:57  Evolution Chamber  
  22  1:58  Drone  
  22  2:03  Overlord  
  22  2:21  Queen  
  24  2:23  Zerg Melee Weapons Level 1  
  24  2:24  Drone  
  24  2:26  Drone  
  26  2:34  Drone  
  26  2:36  Drone  
  28  2:44  Drone  
  28  2:51  Drone x3  
  30  2:53  Drone  
  33  3:01  Queen  
  33  3:02  Overlord  
  36  3:05  Zergling x2  
  36  3:10  Overlord  
  36  3:22  Spine Crawler  
  36  3:24  Drone  
  36  3:25  Drone x4  
  39  3:35  Drone  
  39  3:37  Drone  
  41  3:42  Zergling x6  
  41  3:47  Zergling x2  
  41  3:48  Zergling x2  
  46  3:53  Spine Crawler  
  45  3:59  Zergling x8  
  48  4:08  Zergling x2  
  48  4:09  Zergling x2  
  40  4:11  Zergling x4  
  40  4:21  Drone x3  
  43  4:27  Zerg Ground Armor Level 1  
  43  4:28  Extractor  
  43  4:29  Drone x2  
  43  4:53  Extractor, Lair  
  43  4:54  Drone x7  
  42  5:07  Zergling x4  
  42  5:08  Zergling x2  
  42  5:09  Zergling x2  
  42  5:10  Hatchery  
  43  5:15  Zergling x4  
  45  5:23  Zergling x8  
  49  5:37  Overlord  
  49  5:47  Spine Crawler  
  49  5:48  Spine Crawler  
  47  5:50  Spire  
  47  5:54  Spine Crawler  
  47  5:56  Spine Crawler  
  44  6:01  Zergling x2  
  44  6:02  Zergling x4  
  47  6:05  Zergling x4  
  47  6:09  Zergling x2  
  48  6:11  Zergling x2  
  47  6:19  Overlord  
  45  6:29  Zergling x2  
  45  6:30  Zergling x8  
  46  6:36  Spire  
  28  6:46  Zergling x4  
Show
View Real Time Build Order
Export as new Build Order

llllllllllll Zerg - Winner!

Build Orders: Hatch First 

Get SALT Encoding   

  12  0:01  Drone  
  13  0:12  Overlord  
  13  0:18  Drone  
  14  0:31  Drone x2  
  14  0:35  Drone  
  17  0:52  Hatchery  
  17  0:55  Drone  
  17  0:57  Drone  
  18  1:09  Extractor  
  17  1:13  Spawning Pool  
  17  1:15  Drone  
  17  1:18  Drone  
  18  1:30  Drone  
  19  1:39  Overlord  
  19  2:00  Queen, Zergling x2  
  19  2:01  Zergling x2  
  23  2:03  Queen  
  23  2:04  Drone  
  26  2:09  Metabolic Boost  
  26  2:11  Drone  
  26  2:15  Drone  
  28  2:23  Spine Crawler  
  28  2:24  Zergling x2  
  28  2:28  Zergling x2  
  29  2:34  Baneling Nest  
  28  2:46  Queen  
  28  2:48  Drone  
  31  2:54  Drone  
  31  2:55  Drone  
  33  3:02  Zergling x6  
  36  3:06  Overlord  
  36  3:23  Baneling x4  
  36  3:26  Zergling x12  
  42  3:32  Zergling x2  
  43  3:39  Zergling x2  
  44  3:50  Overlord  
  40  4:05  Drone x5  
  39  4:14  Drone  
  39  4:15  Drone  
  39  4:16  Drone  
  39  4:17  Drone x4  
  39  4:23  Roach Warren  
  41  4:24  Extractor  
  41  4:26  Zergling x4  
  41  4:27  Baneling  
  41  4:28  Baneling  
  42  4:34  Zergling x2  
  42  4:35  Zergling x2  
  43  4:50  Overlord x2  
  42  4:53  Queen  
  44  5:00  Overlord  
  43  5:12  Roach x5  
  43  5:13  Roach  
  55  5:18  Roach  
  57  5:27  Roach x3  
  62  5:34  Queen  
  64  5:38  Queen  
  66  5:51  Zergling x2  
  66  5:52  Zergling x10  
  66  5:54  Baneling x3  
  66  5:55  Baneling  
  66  5:56  Baneling  
  72  5:57  Baneling  
  72  5:58  Baneling  
  72  6:03  Zergling x4  
  74  6:17  Zergling x6  
  70  6:28  Zergling x8  
  61  6:38  Zergling x2  
  37  6:52  Zergling x2  
  37  6:53  Zergling x6  
Tags
 
Add a new tag
Caveats
  • Supply blocks, unpowered buildings, or Contaminate may cause inaccurate times.
  • Supply counts are checked every 10 seconds.